 Dungeon Crawl Stone Soup version 0.27-a0-1559-g299f9947c5 (webtiles) character file.

Game seed: 4759280113210080458

11 Leibowitz the Cutter (level 2, 7/19 HPs)
             Began as a Kobold Monk on July 16, 2021.
             Got out of the dungeon alive.
             The game lasted 00:00:38 (126 turns).

Leibowitz the Cutter (Kobold Monk)                   Turns: 126, Time: 00:00:39

Health: 7/19       AC:  2    Str:  8    XL:     2   Next: 40%
Magic:  2/2        EV: 16    Int: 11    God:
Gold:   0          SH:  0    Dex: 17    Spells: 1/1 levels left

rFire    . . .     SeeInvis .   a - +0 short sword
rCold    . . .     Faith    .   (shield restricted)
rNeg     . . .     Spirit   .   b - +0 robe
rPois    .         Reflect  .   (no helmet)
rElec    .         Harm     .   (no cloak)
rCorr    .         Rampage  .   (no gloves)
Will     .....                  (no boots)
Stlth    +++.......             (no amulet)
HPRegen  0.06/turn              (no ring)
MPRegen  0.08/turn              (no ring)

@: no status effects
A: small, no large weapons, nightstalker 3
a: no special abilities


You escaped.
You visited 1 branch of the dungeon, and saw 1 of its levels.

Inventory:

Hand Weapons
 a - a +0 short sword (weapon)
Armour
 b - a +0 robe (worn)


   Skills:
 * Level 3.4 Fighting
 * Level 4.2 Short Blades
 * Level 0.1 Armour
 * Level 3.9 Dodging
 * Level 3.1 Stealth


You had one spell level left.
You didn't know any spells.
Your spell library was empty.

Dungeon Overview and Level Annotations

Branches:
Dungeon (1/15)

Altars:


Innate Abilities, Weirdness & Mutations

You are small and have problems with some larger weapons.
You are completely attuned to the shadows.


Message History

The jackal misses you. The goblin completely misses you.
The jackal completely misses you. The ball python misses you. x2
The jackal barely misses you. The ball python completely misses you.
The ball python barely misses you. The jackal closely misses you.
The goblin hits you with a +0 dagger.
You hit the jackal.
You kill the jackal!
You closely miss the ball python. The goblin completely misses you.
The ball python closely misses you. The ball python grabs you.
The ball python constricts you.
You barely miss the ball python. The goblin hits you with a +0 dagger.
The ball python bites you. The ball python constricts you.
You barely miss the ball python. The ball python bites you.
The ball python constricts you. The goblin barely misses you.
You hit the ball python.
The ball python is moderately wounded.
The ball python closely misses you. The ball python constricts you.
The goblin closely misses you.
You closely miss the ball python.
The ball python is moderately wounded.
The ball python barely misses you.
* * * LOW HITPOINT WARNING * * *
The ball python constricts you. The goblin misses you.
You hit the ball python.
You kill the ball python!
The goblin barely misses you.
You hit the goblin.
The goblin is heavily wounded.
The goblin closely misses you.
You barely miss the goblin.
The goblin is heavily wounded.
The goblin misses you.
You hit the goblin.
You kill the goblin!
Things that are here:
a +0 dagger; a goblin corpse
There is an open door here.
There is a staircase leading out of the dungeon here.
Are you sure you want to leave the Dungeon?
This will make you lose the game!
You have escaped!

....#...#.
#.#....
........#
#.#....
.......
#.#....
.?..... #.#
○○○#○☼≈#.# ○
°○○≈☼§≈#.# ○≈
○≈≈☼≈○#.#
###########.#
....@....'..#
###########.#
○○ °≈☼≈≈≈#.#
○ ○○≈≈≈≈≈#.#
°≈☼#≈≈≈#.#


There were no monsters in sight!

Vanquished Creatures
  An endoplasm (D:1)
  A giant cockroach (D:1)
  A goblin (D:1)
  4 jackals (D:1)
  A ball python (D:1)
  A kobold (D:1)
  A rat (D:1)
10 creatures vanquished.

Notes
Turn   | Place    | Note
-------+----------+-------------------------------------------
     0 | D:1      | Leibowitz the Kobold Monk began the quest for the Orb.
     0 | D:1      | Reached XP level 1. HP: 14/14 MP: 1/1
    69 | D:1      | Reached XP level 2. HP: 19/19 MP: 2/2
   126 | D:$      | Got out of the dungeon alive.

Illustrated notes

Levels and vault maps discovered:
D:1:      saegor_arrival_miasma, layout_basic, grunt_decor_one_mirror,
          minmay_pentomino_z4

Skill      XL: |  1  2 |
---------------+-------+-----
Stealth        | 3 |  3.1
Fighting       | |  3.4
Short Blades   | |  4.2
Armour         | |  0.1
Dodging        | |  3.9

Action                   || total
-------------------------++-------
Melee: Short sword       ||    22
 Stab: Sleeping          ||     6
Armor: Robe              ||     2
Dodge: Dodged            ||    30

Table legend: (Time is in decaauts)
 A = Elapsed time spent in this place.
 B = Non-inter-level travel time spent in this place.
 C = Inter-level travel time spent in this place.
 D = Time resting spent in this place.
 E = Time spent auto-exploring this place.
 F = Levels seen in this place.
 G = Mean time per level.
                   A        B        C        D        E       F      G
               +--------+--------+--------+--------+--------+-----+--------+
         Total |    123 |     93 |     30 |      0 |     42 |   1 |  123.0 |
       Dungeon |    123 |     93 |     30 |      0 |     42 |   1 |  123.0 |
               +--------+--------+--------+--------+--------+-----+--------+

Top non-repeatable levels by time:
     D:1: 123 daAuts
